 Dungeon Crawl Stone Soup version 0.27.0-66-gdc8fb28755 (webtiles) character file.

Game seed: 14579274487439692396

3086 horus123 the Thaumaturge (level 9, -4/48 HPs)
             Began as a Deep Elf Conjurer on Aug 20, 2021.
             Was a Believer of Elyvilon.
             Slain by a death yak (10 damage)
             ... on level 8 of the Dungeon.
             The game lasted 00:23:56 (8671 turns).

horus123 the Thaumaturge (Deep Elf Conjurer)        Turns: 8671, Time: 00:23:56

Health: -4/48      AC:  9    Str:  4    XL:     9   Next: 59%
Magic:  13/24      EV: 14    Int: 27    God:    Elyvilon [**....]
Gold:   370        SH:  5    Dex: 13    Spells: 15/26 levels left

rFire    . . .     SeeInvis +   e - +1 long sword
rCold    + . .     Faith    .   (no shield)
rNeg     + . .     Spirit   .   f - +2 robe {rC+}
rPois    .         Reflect  +   b - +2 helmet
rElec    .         Harm     .   (no cloak)
rCorr    .         Rampage  +   d - +1 pair of gloves
Will     .....                  (no boots)
Stlth    +++.......             r - amulet of the Distant Future {Reflect Rampage rN+ SH+5}
HPRegen  0.16/turn              p - ring of see invisible
MPRegen  0.19/turn              (no ring)

@: no status effects
A: no striking features
a: Renounce Religion, Lesser Healing, Heal Other, Divine Protection


You were on level 8 of the Dungeon.
You worshipped Elyvilon.
Elyvilon was pleased with you.
You visited 2 branches of the dungeon, and saw 9 of its levels.

You collected 482 gold pieces.
You spent 112 gold pieces at shops.

Inventory:

Hand Weapons
 e - a +1 long sword (weapon)
 B - a +0 great sword
Missiles
 y - 2 throwing nets
Armour
 a - the +1 ring mail of Pan-Flutes {Fly}
   (You found it on level 8 of the Dungeon)

   Fly:       It grants you flight.
 b - a +2 helmet (worn)
 d - a +1 pair of gloves (worn)
 f - a +2 robe of cold resistance (worn)
 A - a +0 tower shield
Jewellery
 n - an amulet of guardian spirit
 p - a ring of see invisible (left hand)
 r - the amulet of the Distant Future (around neck) {Reflect Rampage rN+ SH+5}
   (You acquired it on level 5 of the Dungeon)

   [amulet of reflection]

   It reflects blocked missile attacks.
   rN:        It protects you from negative energy.
   SH:        It affects your SH (+5).
   Rampage:   It bestows one free step when moving towards enemies.
Wands
 s - a wand of flame (17)
 t - a wand of iceblast (15)
 x - a wand of paralysis (13)
Scrolls
 m - 5 scrolls of teleportation
 o - a scroll of fear
 v - 2 scrolls of torment
 w - 2 scrolls of amnesia
 z - a scroll of magic mapping
Potions
 c - 3 potions of curing
 g - a potion of haste
 h - a potion of resistance
 i - 2 potions of attraction
 j - 2 potions of flight
 k - a potion of brilliance
 l - a potion of heal wounds
 q - 3 potions of ambrosia
 u - 2 potions of might {unknown}


   Skills:
 + Level 2.0 Fighting
 + Level 3.1 Long Blades
 * Level 5.3 Dodging
 + Level 4.6 Stealth
 + Level 0.2 Shields
 + Level 9.1 Spellcasting
 + Level 7.6 Conjurations
 * Level 6.5 Hexes
 + Level 4.4 Fire Magic
 * Level 3.5 Invocations


You had 15 spell levels left.
You knew the following spells:

 Your Spells              Type           Power      Damage    Failure   Level
a - Magic Dart            Conj           100%       1d8       1%          1
b - Foxfire               Conj/Fire      100%       2x1d9     1%          1
c - Searing Ray           Conj           100%       3d7       1%          2
d - Inner Flame           Hex/Fire       42%        N/A       1%          3
e - Fulminant Prism       Conj/Hex       25%        3d14      2%          4

Your spell library contained the following spells:

 Spells                   Type           Power      Damage    Failure   Level
 Conjure Flame            Conj/Fire      44%        6-21      1%          3
 Dazzling Flash           Conj/Hex       100%       N/A       1%          3
 Iskenderun's Mystic Bla  Conj/Tloc      33%        2d8       10%         4


Dungeon Overview and Level Annotations

Branches:
Dungeon (8/15)             Temple (1/1) D:5
   Lair: D:8-11

Altars:
Dithmenos
Elyvilon
Fedhas
Gozag
Hepliaklqana
Kikubaaqudgha
Makhleb
Nemelex Xobeh
Okawaru
Qazlal
Ru
Trog
Uskayaw
Xom
Yredelemnul
Zin
The Shining One

Shops:
D:5 ?


Message History

The death yak is moderately wounded.
The searing ray hits the gnoll!
The gnoll is severely wounded.
The searing ray hits the death yak!
The death yak is heavily wounded.
You finish channeling your searing ray.
The death yak gores you!
Okay, then.
You are healed.
The gnoll closely misses you. The death yak gores you!!
You are healed.
You block the gnoll's attack. The death yak gores you.
A gnoll comes into view. It is wielding a +0 whip.
The death yak gores you!
* * * LOW HITPOINT WARNING * * *
You beseech Elyvilon to protect your life.
The death yak gores you.
* * * LOW HITPOINT WARNING * * *
You block the gnoll's attack.
Casting: Searing Ray (safe; 1% risk of failure)
Confirm with . or Enter, or press ? or * to list all spells.
Aiming: Searing Ray (safe; 1% risk of failure)
Press: ? - help, Shift-Dir - straight line, f/p - death yak
Aim: a death yak (moderately wounded, 94% to hit)
Really fire at the death yak while asking for your life to be spared?
This attack would place you under penance!
Okay, then.
Unknown command.
A yak comes into view.
You see here a +0 halberd.
Things that are here:
a +0 whip; a gnoll corpse Really attack the death yak while asking for your life to be spared?
This attack would place you under penance!
Okay, then.
Press: ? - help, Dir - move target, f/p - death yak Heal: a death yak (moderately wounded, chance to pacify: 23%)
The light of Elyvilon fails to reach the death yak.
Your divine protection fades away.
You block the death yak's attack.
Press: ? - help, Dir - move target, f/p - death yak Heal: a death yak (moderately wounded, chance to pacify: 23%)
The light of Elyvilon fails to reach the death yak.
The death yak gores you!
You die...

#...# ## # #...# .
##)## #)# ### #.#
... #g# ... #g# ###
#Y# ####@# #....#
#.##.##
#..#..######.##
##..............
####.#.####.##.#####
###.#..............
#.......##.## #..##
#.......##.# #.##


You could see a death yak and 2 gnolls.

Vanquished Creatures
  The ghost of fiver49 the Cleaver, a novice DDFE of Elyvilon (D:8)
  A hornet (D:8)
  A water moccasin (D:7)
  2 ice beasts
  A sky beast (D:7)
  A necrophage (D:5)
  An orc warrior (D:6)
  A black bear (D:5)
  2 ogres
  A centaur (D:7)
  A phantom (D:5)
  A bullfrog (D:6)
  3 scorpions
  A water moccasin zombie (D:5)
  6 killer bees (D:7)
  6 wights
  A howler monkey (D:3)
  A hound (D:5)
  A jelly (D:7)
  An orc priest (D:5)
  Jessica (D:3)
  A gnoll shaman (D:7)
  Natasha (thrice) (D:4)
  2 orc wizards
  2 killer bee zombies (D:7)
  A spectral howler monkey (D:8)
  A mummy (D:8)
  A howler monkey zombie (D:6)
  7 gnolls
  5 adders
  A howler monkey skeleton (D:4)
  2 white imps
  A howler monkey simulacrum (D:8)
  An ufetubus (D:5)
  2 worms
  5 dart slugs
  10 orcs
  4 endoplasms
  7 giant cockroaches
  5 goblins
  8 hobgoblins
  7 jackals
  4 quokkas
  2 ball pythons
  5 bats
  A frilled lizard (D:3)
  5 kobolds
  6 rats
134 creatures vanquished.

Vanquished Creatures (others)
  340 foxfires
  5 fulminant prisms
  6 fungi (D:3)
351 creatures vanquished.

Grand Total: 485 creatures vanquished

Notes
Turn   | Place    | Note
-------+----------+-------------------------------------------
     0 | D:1      | horus123 the Deep Elf Conjurer began the quest for the Orb.
     0 | D:1      | Reached XP level 1. HP: 10/10 MP: 6/6
   116 | D:1      | Learned a level 1 spell: Foxfire
   439 | D:1      | Reached XP level 2. HP: 15/15 MP: 4/8
   490 | D:1      | Learned a level 2 spell: Searing Ray
   745 | D:1      | Found a faded altar of an unknown god.
  1464 | D:2      | Reached skill level 5 in Conjurations
  1470 | D:2      | Reached XP level 3. HP: 17/19 MP: 3/10
  1692 | D:2      | Reached skill level 4 in Spellcasting
  2333 | D:2      | Reached XP level 4. HP: 20/24 MP: 12/12
  2795 | D:3      | Reached skill level 1 in Fire Magic
  2795 | D:3      | Noticed Jessica
  2800 | D:3      | Killed Jessica
  2801 | D:3      | Reached skill level 5 in Spellcasting
  2828 | D:3      | Reached XP level 5. HP: 28/28 MP: 4/14
  2841 | D:3      | Reached skill level 1 in Long Blades
  2974 | D:3      | Found a burning altar of Makhleb.
  3107 | D:3      | Learned a level 3 spell: Inner Flame
  3211 | D:3      | Found a basalt altar of Yredelemnul.
  3921 | D:4      | Reached skill level 1 in Hexes
  4323 | D:4      | Noticed Natasha
  4328 | D:4      | Killed Natasha
  4329 | D:4      | Reached XP level 6. HP: 33/33 MP: 8/16
  4439 | D:4      | Noticed Natasha
  4444 | D:4      | Killed Natasha
  4462 | D:4      | Noticed Natasha
  4466 | D:4      | Killed Natasha
  4776 | D:5      | Entered Level 5 of the Dungeon
  4782 | D:5      | Reached skill level 6 in Spellcasting
  4841 | D:5      | Found a staircase to the Ecumenical Temple.
  4851 | Temple   | Entered the Ecumenical Temple
  4986 | Temple   | Became a worshipper of Elyvilon the Healer
  5045 | D:5      | Found a glowing golden altar of the Shining One.
  5161 | D:5      | Reached XP level 7. HP: 35/37 MP: 11/18
  5335 | D:5      | Learned a level 4 spell: Fulminant Prism
  5478 | D:5      | Found Lokemest's Magic Scroll Emporium.
  5487 | D:5      | Bought a scroll of enchant armour for 112 gold pieces
  5537 | D:5      | Reached skill level 7 in Spellcasting
  6135 | D:5      | Found an opulent altar of Gozag.
  6139 | D:5      | Identified a scroll of acquirement
  6139 | D:5      | Acquired the amulet of the Distant Future {Reflect Rampage
                  | rN+ SH+5}
  6205 | D:6      | Found a blossoming altar of Fedhas.
  6205 | D:6      | Found a sacrificial altar of Ru.
  6242 | D:6      | Reached * piety under Elyvilon
  6259 | D:6      | Reached XP level 8. HP: 42/42 MP: 13/20
  6557 | D:6      | Reached skill level 1 in Fighting
  6685 | D:6      | Found a shimmering altar of Xom.
  7060 | D:7      | Found a sparkling altar of Nemelex Xobeh.
  7095 | D:7      | Reached skill level 5 in Hexes
  7095 | D:7      | Reached skill level 1 in Invocations
  7155 | D:7      | Reached skill level 8 in Spellcasting
  7264 | D:7      | Reached ** piety under Elyvilon
  7536 | D:7      | Reached XP level 9. HP: 47/47 MP: 17/23
  8244 | D:8      | Found a transporter.
  8244 | D:8      | Noticed fiver49's ghost (novice DDFE)
  8259 | D:8      | Found a transporter.
  8299 | D:8      | Killed fiver49's ghost
  8300 | D:8      | Reached skill level 5 in Dodging
  8300 | D:8      | Reached skill level 9 in Spellcasting
  8309 | D:8      | Identified the +1 ring mail of Pan-Flutes {Fly}
  8416 | D:8      | Paralysed by a hornet for 1 turns
  8644 | D:8      | Noticed a death yak
  8671 | D:8      | Slain by a death yak

Illustrated notes

Levels and vault maps discovered:
D:1:      kennysheep_arrival_seaside, layout_basic,
          shapermc_ecumenical_altar_venn, grunt_decor_clamped
D:2:      layout_basic, hangedman_abyss_or_decor_stabs, minmay_misc_feat_square,
          kennysheep_generic_room_4
D:3:      layout_loops_ring, nicolae_overflow_crystal_walls,
          mainiacjoe_overflow_chevrons, uniq_jessica
D:4:      layout_basic, uniq_natasha
D:5:      layout_rooms, lemuel_coloured_pillars_altar, tso_metal_star,
          minmay_temple_entry_poolview, serial_shops, nicolae_shop_stone
D:6:      layout_rooms, mainiacjoe_overflow_boulevard,
          grunt_temple_overflow_open
D:7:      layout_gridville, nemelex_spade_bored_becter
D:8:      layout_rooms, pdpol_wu_jian_five_deadly_venoms, dpeg_lair_monsters,
          gammafunk_ghost_mausoleum, minmay_misc_feat_enclosed,
          grunt_ministairs_9
Temple:   nicolae_temple_figure_zero

Skill      XL: |  1  2  3  4  5  6  7  8  9 |
---------------+----------------------------+-----
Conjurations   | 5 6 7 |  7.6
Spellcasting   | 4 5 6 7 8 9 |  9.1
Fire Magic     | 1 2 3 4 |  4.4
Long Blades    | 1 2 3 |  3.1
Hexes          | 1 3 4 5 6 |  6.5
Stealth        | 3 4 |  4.6
Dodging        | 3 4 5 |  5.3
Fighting       | 1 2 |  2.0
Invocations    | 2 3 |  3.5
Shields        | |  0.2

Action                   |  1- 3 |  4- 6 |  7- 9 || total
-------------------------+-------+-------+-------++-------
Melee: Unarmed           |     1 |       |       ||     1
       Long sword        |    31 |    25 |    19 ||    75
 Cast: Foxfire           |    48 |    91 |    64 ||   203
       Magic Dart        |    36 |    10 |    17 ||    63
       Searing Ray       |       |     1 |    26 ||    27
       Fulminant Prism   |       |       |     5 ||     5
       Inner Flame       |       |       |     1 ||     1
Invok: Lesser Healing    |       |       |     2 ||     2
       Heal Other        |       |       |     2 ||     2
       Divine Protection |       |       |     1 ||     1
  Use: Scroll            |     3 |    10 |    11 ||    24
       Potion            |     1 |       |     3 ||     4
Armor: Robe              |    19 |     7 |    16 ||    42
Dodge: Dodged            |    35 |    18 |    35 ||    88
Block: Other             |       |       |     9 ||     9
       Rpst.: Long sword |     8 |     6 |     9 ||    23
